 Dungeon Crawl Stone Soup version 0.31.0-11-ge490571c62 (webtiles) character file.

Game seed: 6200230056933738893

25 qw the Shooter (level 2, -2/16 HPs)
             Began as a Deep Elf Hunter on Feb 3, 2024.
             Slain by a gnoll
             ... wielding a +0 whip of freezing
              (4 damage)
             ... on level 1 of the Dungeon.
             The game lasted 00:00:14 (828 turns).

qw the Shooter (Deep Elf Hunter)                     Turns: 828, Time: 00:00:15

Health: -2/16      AC:  6    Str:  8    XL:     2   Next: 82%
Magic:  4/4        EV: 10    Int: 13    God:
Gold:   13         SH:  0    Dex: 18    Spells: 1/1 levels left

rFire   . . .        a - +0 shortbow
rCold   . . .        (shield currently unavailable)
rNeg    . . .        d - +0 ring mail
rPois   .            (no helmet)
rElec   .            (no cloak)
rCorr   .            g - +0 pair of gloves
SInv    .            (no boots)
Will    .....        (no amulet)
Stlth   +            (no ring)
HPRegen 0.22/turn    (no ring)
MPRegen 0.09/turn

%: no passive effects
@: no status effects
A: no striking features
a: no special abilities


You were on level 1 of the Dungeon.
You visited 1 branch of the dungeon, and saw 2 of its levels.

You collected 13 gold pieces.


   Skills:
 - Level 1.5 Fighting
 + Level 6.5 Ranged Weapons
 - Level 2.4 Dodging
 - Level 1.2 Stealth


You had one spell level left.
You didn't know any spells.
Your spell library was empty.

Inventory:

Hand Weapons
 a - a +0 shortbow (weapon)
Armour
 d - a +0 ring mail (worn)
 g - a +0 pair of gloves (worn)
Potions
 f - a potion of mutation {unknown}

Dungeon Overview and Level Annotations

Branches:
Dungeon (2/15)

Altars:


Message History

785 ||| READING scroll labelled XOOREIKHAE.
Blink to where?
Press: ? - help, Dir - move target, f - you
As you read the scroll labelled XOOREIKHAE, it crumbles to dust.
It was a scroll of blinking.
Done exploring.
786 ||| READING scroll labelled SYJEFA HUPA.
As you read the scroll labelled SYJEFA HUPA, it crumbles to dust.
You feel strangely unstable.
It was a scroll of teleportation.
You start waiting.
Your surroundings suddenly seem different.
Done exploring.
791 ||| DROPPING scroll of butterflies.
You drop a scroll of butterflies.
Done exploring.
What level of the Dungeon? (default 1, ? - help)
There is a stone staircase leading down here.
You climb downwards.
The gnoll shouts! x3
Found 11 gold pieces.
There is a stone staircase leading up here.
There are monsters nearby!
Waypoint 1 assigned to D:2.
824 ||| STAIRDANCE The gnoll shouts!
The gnoll closely misses you. The gnoll hits you with a +0 halberd.
You climb upwards.
There is a stone staircase leading down here.
You shoot an arrow. The arrow hits the gnoll.
The gnoll is lightly wounded.
The gnoll closely misses you. x2
You shoot an arrow. The arrow hits the gnoll!
The gnoll is severely wounded.
The gnoll barely misses you.
The gnoll hits you with a +0 whip of freezing.
The gnoll freezes you.
You shoot an arrow. The arrow closely misses the gnoll.
The gnoll hits you with a +0 halberd!
Ouch! That really hurt!
The gnoll hits you with a +0 whip of freezing.
You die...

###### #@g..# ######g##.## ###
#......#...#########
..#########.###.........|....#
......(.....#[#..#...#######.#
#..#######..###..##.####...#.#
#..# #.......#...........####
#..# #.#.(#..#.#####.........
#..#######.......#.#
##.#..####


You could see 2 gnolls.

Vanquished Creatures
  2 dart slugs (D:1)
  2 ball pythons (D:1)
  2 bats (D:1)
  2 endoplasms (D:1)
  2 goblins (D:1)
  A hobgoblin (D:1)
  2 quokkas (D:1)
  A frilled lizard (D:1)
  2 kobolds (D:1)
  3 rats (D:1)
19 creatures vanquished.

Notes
Turn   | Place    | Note
-------+----------+-------------------------------------------
     0 | D:1      | qw the Deep Elf Hunter began the quest for the Orb.
     0 | D:1      | Reached XP level 1. HP: 12/12 MP: 3/3
     0 | D:1      | 0 ||| qw: Version: 0.3-a-155-g5e7d8dd
     0 | D:1      | 0 ||| qw: Game counter: 3153
     0 | D:1      | 0 ||| qw: Melee chars always use a shield: true
     0 | D:1      | 0 ||| qw: God list: Okawaru
     0 | D:1      | 0 ||| qw: Allow faded altars: false
     0 | D:1      | 0 ||| qw: Do Orc after clearing Dungeon:15 true
     0 | D:1      | 0 ||| qw: Do second Lair branch before Depths: true
     0 | D:1      | 0 ||| qw: Lair rune preference: random
     0 | D:1      | 0 ||| qw: Goals: Normal
     0 | D:1      | 0 ||| PLANNING D:1-11
   179 | D:1      | 179 ||| UPGRADING to +0 ring mail.
   185 | D:1      | Reached skill level 6 in Ranged Weapons
   185 | D:1      | Reached XP level 2. HP: 16/16 MP: 4/4
   187 | D:1      | 187 ||| UPGRADING to +0 ring mail.
   197 | D:1      | 197 ||| DROPPING +0 leather armour.
   198 | D:1      | 198 ||| UPGRADING to +0 pair of gloves.
   683 | D:1      | 683 ||| READING scroll labelled ATWOALLEWKU.
   684 | D:1      | 684 ||| READING scroll labelled BONADIDYCIU.
   785 | D:1      | 785 ||| READING scroll labelled XOOREIKHAE.
   786 | D:1      | 786 ||| READING scroll labelled SYJEFA HUPA.
   791 | D:1      | 791 ||| DROPPING scroll of butterflies.
   824 | D:2      | 824 ||| STAIRDANCE
   828 | D:1      | HP: 2/16 [gnoll/+0 halberd (8)]
   828 | D:1      | Slain by a gnoll

Levels and vault maps discovered:
D:1:      sevenhm_arrival_forest_fort_large_4, layout_loops_ring,
          item_on_display_a
D:2:      layout_basic, basic_altar, uniq_natasha

Skill      XL: |  1 |
---------------+----+-----
Ranged Weapons | 6 |  6.5
Fighting       | |  1.5
Dodging        | |  2.4
Stealth        | |  1.2

Action                     || total
---------------------------++-------
   Fire: Shortbow          ||    55
    Use: Scroll            ||     4
 Armour: Leather armour    ||     8
         Ring mail         ||     9
  Dodge: Dodged            ||    16

Table legend:
 A = Non-vault XP
 B = Vault XP
 C = Vault XP percentage of total XP
 D = Non-vault monster count
 E = Vault monster count
 F = Vault count percentage of total count
                 A         B        C        D         E       F
            +---------+---------+-------+---------+---------+-------
      Total |      36 |       0 |   0.0 |      19 |       0 |   0.0
            +---------+---------+-------+---------+---------+-------
        D:1 |      36 |       0 |   0.0 |      19 |       0 |   0.0
            +---------+---------+-------+---------+---------+-------
